Map: At Eternity's Edge LE

Players

Zezuane - Winner!

  • Race: Zerg Zerg
  • League: Master

A.I. 1 (Very Easy)

  • Race: Zerg Zerg

VOD

Have the link to the VOD?

Description

Time

  • Played on: Aug. 4, 2026, 4:25 p.m.
  • Length: 5:02
Show
View Real Time Build Order
Export as new Build Order

Zezuane Zerg - Winner!

Build Orders: Pool First 

Get SALT Encoding   

  8  0:00  Drone  
  9  0:11  Drone  
  10  0:16  Drone  
  11  0:22  Drone  
  12  0:35  Extractor, Drone  
  12  0:42  Overlord  
  13  1:00  Drone x2  
  13  1:04  Drone  
  16  1:10  Spawning Pool  
  15  1:12  Drone  
  16  1:22  Drone  
  17  1:38  Hatchery  
  16  1:40  Drone  
  16  1:43  Extractor  
  16  1:48  Drone  
  16  1:52  Overlord  
  17  2:04  Queen  
  19  2:09  Zergling x2  
  19  2:14  Drone  
  21  2:21  Drone  
  22  2:35  Drone  
  23  2:40  Queen  
  25  2:45  Metabolic Boost  
  27  2:52  Drone x3  
  27  3:08  Drone x2  
  29  3:15  Baneling Nest  
  28  3:22  Drone  
  29  3:27  Drone  
  29  3:29  Overlord  
  29  3:33  Overlord  
  30  3:34  Hatchery  
  30  3:40  Zergling x4  
  31  3:51  Overlord  
  31  3:53  Zergling x10  
  36  3:58  Zergling x4  
  36  3:59  Zergling x2  
  39  4:03  Baneling  
  39  4:06  Zergling x2  
  40  4:11  Zergling x6  
  40  4:15  Baneling x2  
  40  4:16  Baneling x2  
  43  4:29  Drone x3  
  43  4:30  Drone x3  
  49  4:36  Drone x2  
  50  4:39  Baneling x2  
  47  4:50  Drone  
Show
View Real Time Build Order
Export as new Build Order

A.I. 1 (Very Easy) Zerg 

Build Orders: Pool Only 

Get SALT Encoding   

  8  0:01  Drone  
  9  0:11  Drone  
  10  0:18  Drone  
  11  0:25  Drone  
  12  0:33  Overlord  
  12  0:52  Drone  
  13  0:59  Drone  
  13  1:01  Spawning Pool  
  13  1:06  Drone  
  13  1:10  Extractor  
  13  1:13  Drone  
  14  1:21  Overlord  
  14  1:48  Zergling x2  
  14  1:50  Queen  
  17  2:01  Zergling x2  
  18  2:02  Roach Warren  
  18  2:05  Drone  
  18  2:14  Zergling x2, Drone  
  20  2:22  Drone  
  21  2:30  Drone  
  22  2:40  Overlord  
  22  2:50  Drone  
  23  2:57  Drone  
  24  3:05  Drone  
  25  4:34  Zergling x2  
  23  4:43  Drone  
  17  4:50  Drone  
Tags
 
Add a new tag
Caveats
  • Supply blocks, unpowered buildings, or Contaminate may cause inaccurate times.
  • Supply counts are checked every 10 seconds.